[Event "Titled Tuesday Blitz July 18 Early 2023"]
[White "Garcia Blanco, Omar"]
[Black "Elsa167"]
[WhiteFideId "2287153"]
[WhiteElo "2620"]
[BlackElo "2797"]
[Result "1-0"]
[Round "8"]
[TimeControl "180+2"]
[Date "2023.07.18"]
[WhiteClock "0:00:12"]
[BlackClock "0:00:00"]
[Board "26"]

1. e4 c6 2. d4 d5 3. exd5 cxd5 4. Bd3 Nc6 5. c3 Nf6 6. h3 g6 7. Nf3 Bf5 8. Be2 e6 9. O-O Bd6 10. Re1 Ne4 11. Nbd2 h6 12. Nf1 g5 13. Ne3 Bg6 14. c4 dxc4 15. Nxc4 Bb4 16. Rf1 O-O 17. Nce5 Nxe5 18. Nxe5 Bf5 19. Bf3 Bd6 20. Ng4 Kg7 21. Qe2 Nf6 22. Bxb7 Rb8 23. Bf3 Bc7 24. Be3 Qd6 25. g3 Ne4 26. Bxe4 Bxe4 27. Bxg5 hxg5 28. Qxe4 f5 29. Qe5+ Qxe5 30. Nxe5 Rxb2 31. Nd3 Rd2 32. Nc5 Kf7 33. Rfd1 Rxd1+ 34. Rxd1 Rd8 35. Kf1 Bb6 36. Nb3 e5 37. d5 e4 38. Ke2 Kf6 39. f3 Ke5 40. fxe4 fxe4 41. Nd2 Rf8 42. Nc4+ 1-0


[Site "https://www.chess.com"]

[Event "Titled Tuesday Blitz July 18 Early 2023"]
[White "Pham, Khoi"]
[Black "Wagner, Dennis"]
[WhiteFideId "1054988"]
[BlackFideId "24650684"]
[WhiteElo "2616"]
[BlackElo "2781"]
[Result "1-0"]
[Round "8"]
[TimeControl "180+2"]
[Date "2023.07.18"]
[WhiteClock "0:01:32"]
[BlackClock "0:00:02"]
[Board "27"]

1. e4 c5 2. Nf3 d6 3. d4 cxd4 4. Nxd4 Nf6 5. Nc3 a6 6. Bg5 e6 7. f4 Nbd7 8. Qf3 Qc7 9. O-O-O b5 10. Bd3 Bb7 11. Rhe1 Be7 12. Kb1 Qb6 13. Nb3 Rc8 14. f5 e5 15. Be3 Qd8 16. Bd2 b4 17. Nd5 Nxd5 18. exd5 Nf6 19. g4 Bxd5 20. Qe2 Qc7 21. g5 Nd7 22. Bxb4 Nb6 23. Bxa6 Bc4 24. Bxc4 Nxc4 25. f6 gxf6 26. gxf6 Bxf6 27. Nd4 Qb6 28. a3 O-O 29. Nf5 e4 30. Nxd6 Nxb2 31. Qg4+ Kh8 32. Nxf7+ Rxf7 33. Qxc8+ Kg7 34. Rg1+ Kh6 35. Qh3+ Bh4 36. Qxh4# 1-0


[Site "https://www.chess.com"]

[Event "Titled Tuesday Blitz July 18 Early 2023"]
[White "Krzyzanowski, Marcin"]
[Black "Karttunen, Mika"]
[WhiteFideId "1132199"]
[BlackFideId "502081"]
[WhiteElo "2770"]
[BlackElo "2623"]
[Result "0-1"]
[Round "8"]
[TimeControl "180+2"]
[Date "2023.07.18"]
[WhiteClock "0:00:02"]
[BlackClock "0:00:09"]
[Board "28"]

1. e4 e6 2. d4 d5 3. Nc3 Bb4 4. exd5 exd5 5. Bd3 Nc6 6. a3 Bxc3+ 7. bxc3 h6 8. Qf3 Nf6 9. Rb1 Qd6 10. Ne2 O-O 11. O-O Bg4 12. Qf4 Bxe2 13. Bxe2 b6 14. Bd3 Rfe8 15. Qxd6 cxd6 16. Bf4 Ne4 17. Bxe4 Rxe4 18. Bxd6 Re2 19. Rb5 Rd8 20. Bf4 Rxc2 21. Rc1 Re2 22. Kf1 Ra2 23. c4 dxc4 24. d5 Nd4 25. Rbb1 Rxd5 26. Rxc4 Ne6 27. Be3 Rxa3 28. h4 Raa5 29. g4 Rdb5 30. Rd1 Rd5 31. Rdc1 Ra2 32. Rc8+ Kh7 33. Ra8 f5 34. gxf5 Rxf5 35. Rcc8 Kg6 36. Rc6 Rf6 37. Rcc8 Kh5 38. Kg2 Kxh4 39. Re8 Kh5 40. Rac8 Kg6 41. Kg3 Kf7 42. Rh8 Kg6 43. Rb8 Nc5 44. Rbc8 Ne4+ 45. Kh4 Nxf2 46. Bd4 Rf4+ 47. Kg3 Rxd4 48. Rc6+ Kf7 49. Rc7+ Ke6 50. Re8+ Kf6 51. Rf8+ Kg6 52. Rg8 Ne4+ 53. Kf4 Nf6+ 54. Ke3 Re4+ 55. Kd3 Ra3+ 56. Kd2 Nxg8 57. Rc6+ Nf6 58. Rc8 Rh4 59. Kc2 Rh2+ 60. Kb1 Rg3 61. Rc1 Rhg2 62. Ka1 Rg1 63. Kb2 Rxc1 64. Ka2 Rg2+ 65. Kb3 Rb1+ 66. Ka4 Rf1 67. Kb5 h5 68. Ka4 h4 0-1


[Site "https://www.chess.com"]

[Event "Titled Tuesday Blitz July 18 Early 2023"]
[White "Skvortsov, Andrei"]
[Black "Guliev, Logman"]
[WhiteFideId "24108600"]
[BlackFideId "13400061"]
[WhiteElo "2760"]
[BlackElo "2585"]
[Result "1-0"]
[Round "8"]
[TimeControl "180+2"]
[Date "2023.07.18"]
[WhiteClock "0:00:50"]
[BlackClock "0:00:00"]
[Board "29"]

1. e4 c5 2. d4 cxd4 3. Qxd4 Nc6 4. Qd3 d6 5. Nc3 Nf6 6. Nf3 g6 7. Be2 Bg7 8. O-O O-O 9. Nd5 Nxd5 10. exd5 Ne5 11. Nxe5 Bxe5 12. c3 Bg7 13. Qd1 Qb6 14. a4 a6 15. a5 Qc7 16. Qb3 Bf5 17. Be3 Rac8 18. Ra4 h5 19. Rfa1 Qd7 20. Rb4 Rc7 21. Bf1 e5 22. dxe6 Bxe6 23. Qd1 d5 24. Bd4 Re8 25. Qd2 Bf5 26. Bxg7 Kxg7 27. Rd4 Be6 28. c4 Rd8 29. cxd5 Rc5 30. Rd1 Bf5 31. Qb4 Rc2 32. R4d2 Rdc8 33. Qd4+ Kh7 34. h3 R8c5 35. Rxc2 Rxc2 36. d6 Be6 37. Bd3 Rc6 38. Qe5 Kg8 39. Be4 Rc4 40. Rd4 Rc1+ 41. Kh2 Ra1 42. Rb4 Re1 43. Qf4 Rd1 44. Rxb7 Qxd6 45. Qxd6 Rxd6 46. Rb6 Rd4 47. Bb7 Ra4 48. Rxa6 Rb4 49. Rb6 1-0


[Site "https://www.chess.com"]

[Event "Titled Tuesday Blitz July 18 Early 2023"]
[White "Krstulovic, Alex"]
[Black "Dzhumagaliev, Yan"]
[WhiteFideId "760056"]
[BlackFideId "24100110"]
[WhiteElo "2609"]
[BlackElo "2759"]
[Result "0-1"]
[Round "8"]
[TimeControl "180+2"]
[Date "2023.07.18"]
[WhiteClock "0:00:06"]
[BlackClock "0:00:24"]
[Board "30"]

1. d4 h5 2. Nf3 h4 3. e4 c6 4. Nc3 d5 5. exd5 cxd5 6. Ne5 Nc6 7. Bb5 Bd7 8. Nxd7 Qxd7 9. Bf4 h3 10. Qf3 hxg2 11. Qxg2 e6 12. O-O-O a6 13. Ba4 b5 14. Bb3 Nge7 15. Rhe1 O-O-O 16. Qf1 Na5 17. Kb1 Nec6 18. a4 Na7 19. Re3 Nc4 20. Bxc4 bxc4 21. b3 Qb7 22. Ka2 cxb3+ 23. cxb3 Nc6 24. Rc1 Kd7 25. Qg2 Nb4+ 26. Kb1 Rc8 27. Qf3 Be7 28. Be5 f6 29. Bg3 Rc6 30. Rce1 Rhc8 31. Nxd5 Nxd5 32. Qxd5+ Ke8 33. Rxe6 Rc1+ 34. Rxc1 Rxc1+ 35. Kxc1 Qxd5 36. Re3 Qxd4 37. Kc2 Kf7 38. Rd3 Qe4 39. f3 Qf5 40. Be1 Bd6 41. Bc3 Bxh2 42. b4 g5 43. Bd4 Bd6 44. Bc3 Be7 45. Kd2 Qf4+ 46. Ke2 Qc4 47. Kd2 Qa2+ 48. Ke3 Qxa4 49. Rd5 Qb3 50. Kd4 Bxb4 0-1


[Site "https://www.chess.com"]

[Event "Titled Tuesday Blitz July 18 Early 2023"]
[White "Mamedov, Edgar"]
[Black "Nazari, Arad"]
[WhiteFideId "13739980"]
[BlackFideId "12577324"]
[WhiteElo "2582"]
[BlackElo "2756"]
[Result "1-0"]
[Round "8"]
[TimeControl "180+2"]
[Date "2023.07.18"]
[WhiteClock "0:00:22"]
[BlackClock "0:00:07"]
[Board "31"]

1. d4 Nf6 2. c4 g6 3. Nc3 d5 4. cxd5 Nxd5 5. e4 Nxc3 6. bxc3 Bg7 7. Bc4 c5 8. Ne2 O-O 9. O-O Nc6 10. Be3 Bg4 11. f3 Bd7 12. Qd2 Qa5 13. Rab1 cxd4 14. cxd4 Qxd2 15. Bxd2 b6 16. Be3 Na5 17. Bd3 Rac8 18. Rfc1 Rfd8 19. Ba6 Rc6 20. d5 Rxc1+ 21. Rxc1 Be5 22. Bf4 Bxf4 23. Nxf4 e6 24. Rc7 exd5 25. exd5 Ba4 26. Rxa7 g5 27. Nh5 Kf8 28. Nf6 Kg7 29. Nh5+ Kg6 30. g4 Rxd5 31. Ra8 f5 32. Rf8 fxg4 33. fxg4 Rd6 34. Bd3+ Kh6 35. Rf7 Rg6 36. Bxg6 Kxg6 37. Rf6# 1-0


[Site "https://www.chess.com"]

[Event "Titled Tuesday Blitz July 18 Early 2023"]
[White "Atakhan, Abtin"]
[Black "Siniauski, Artsiom"]
[WhiteFideId "22502203"]
[BlackFideId "13512269"]
[WhiteElo "2743"]
[BlackElo "2583"]
[Result "1-0"]
[Round "8"]
[TimeControl "180+2"]
[Date "2023.07.18"]
[WhiteClock "0:00:02"]
[BlackClock "0:00:01"]
[Board "32"]

1. d4 Nf6 2. c4 e6 3. Nf3 b6 4. g3 Bb4+ 5. Bd2 Be7 6. Bg2 c6 7. O-O d5 8. Ne5 O-O 9. Nc3 Bb7 10. e4 dxc4 11. Nxc4 Qxd4 12. b3 Rd8 13. Qc1 b5 14. Be3 Qd7 15. Na5 Qc7 16. Nxb7 Qxb7 17. e5 Nd5 18. Ne4 Nd7 19. Bd4 c5 20. Bb2 Qc7 21. f4 c4 22. bxc4 bxc4 23. Kh1 Rab8 24. Bd4 N7b6 25. f5 exf5 26. Rxf5 Nb4 27. Bc3 Nd3 28. Qf1 Rf8 29. Nf6+ Bxf6 30. exf6 Na4 31. fxg7 Rfd8 32. Ba5 Nb6 33. Qf3 c3 34. Bxc3 Qxc3 35. Rf1 Qc4 36. Rxf7 Nd5 37. Rf8+ Kxg7 38. Qf7+ Kh6 39. Qe6+ Kg5 40. h4+ Kh5 41. Bf3+ Qg4 42. Bxg4# 1-0


[Site "https://www.chess.com"]

[Event "Titled Tuesday Blitz July 18 Early 2023"]
[White "Mogirzan, Matei-Valeriu"]
[Black "Matinian, Nikita"]
[WhiteFideId "1257455"]
[BlackFideId "24129100"]
[WhiteElo "2581"]
[BlackElo "2723"]
[Result "0-1"]
[Round "8"]
[TimeControl "180+2"]
[Date "2023.07.18"]
[WhiteClock "0:01:41"]
[BlackClock "0:02:14"]
[Board "33"]

1. e4 c5 2. Nf3 e6 3. Nc3 Nc6 4. d4 cxd4 5. Nxd4 Qc7 6. a3 a6 7. f4 b5 8. Nxc6 Qxc6 9. Bd3 Bb7 10. O-O Bc5+ 11. Kh1 Ne7 12. Qg4 h5 13. Qxg7 O-O-O 14. b4 Ba7 15. a4 Rdg8 16. Qf6 Nf5 17. axb5 h4 18. bxc6 Ng3+ 19. hxg3 hxg3+ 20. Qxh8 Rxh8# 0-1


[Site "https://www.chess.com"]

[Event "Titled Tuesday Blitz July 18 Early 2023"]
[White "Amilal Munkhdalai"]
[Black "LeoLV10"]
[WhiteFideId "4903250"]
[WhiteElo "2722"]
[BlackElo "2541"]
[Result "1-0"]
[Round "8"]
[TimeControl "180+2"]
[Date "2023.07.18"]
[WhiteClock "0:01:18"]
[BlackClock "0:00:48"]
[Board "34"]

1. e4 c6 2. d4 d5 3. Nc3 dxe4 4. Nxe4 Nf6 5. Nxf6+ exf6 6. c3 Bd6 7. Bd3 O-O 8. Ne2 Re8 9. O-O Nd7 10. Bf4 Nf8 11. Qd2 Be6 12. Rfe1 Ng6 13. Bxd6 Qxd6 14. Ng3 Nf4 15. Bf1 Rad8 16. Ne4 Qc7 17. Nc5 Ng6 18. Nxe6 fxe6 19. Bc4 Nf8 20. Qc2 a5 21. a4 Kh8 22. Re3 e5 23. Rae1 Qd7 24. dxe5 fxe5 25. Rxe5 Rxe5 26. Rxe5 Qg4 27. Bf1 Ng6 28. Re4 Qg5 29. Qe2 Rg8 30. Re8 Nf4 31. Rxg8+ Kxg8 32. Qe8# 1-0


[Site "https://www.chess.com"]

[Event "Titled Tuesday Blitz July 18 Early 2023"]
[White "Glavina, Pablo"]
[Black "Liyanage, Ranindu Dilshan"]
[WhiteFideId "100234"]
[BlackFideId "9915834"]
[WhiteElo "2412"]
[BlackElo "2714"]
[Result "1-0"]
[Round "8"]
[TimeControl "180+2"]
[Date "2023.07.18"]
[WhiteClock "0:01:39"]
[BlackClock "0:00:56"]
[Board "35"]

1. c4 e6 2. g3 d5 3. Bg2 Nf6 4. Nf3 dxc4 5. Qa4+ Nbd7 6. Qxc4 a6 7. Qc2 c5 8. O-O Ra7 9. d4 b5 10. a4 Qb6 11. dxc5 Bxc5 12. b4 Bxb4 13. Qxc8+ Ke7 14. Qxh8 g6 15. Bg5 Rc7 16. Nbd2 Bc3 17. Ne4 b4 18. Nxc3 bxc3 19. Ne5 1-0


[Site "https://www.chess.com"]

[Event "Titled Tuesday Blitz July 18 Early 2023"]
[White "Rychagov, Andrey"]
[Black "Bendayan Claros, Aaron"]
[WhiteFideId "4119932"]
[BlackFideId "3803392"]
[WhiteElo "2709"]
[BlackElo "2482"]
[Result "1-0"]
[Round "8"]
[TimeControl "180+2"]
[Date "2023.07.18"]
[WhiteClock "0:00:06"]
[BlackClock "0:00:00"]
[Board "36"]

1. d4 d5 2. c4 e6 3. Nf3 c6 4. Bg5 Be7 5. Bxe7 Qxe7 6. e4 dxe4 7. Nfd2 Nf6 8. Qe2 O-O 9. Nc3 c5 10. dxc5 Nc6 11. Ndxe4 Nd7 12. Qe3 Nb4 13. O-O-O Na6 14. Na4 b6 15. cxb6 axb6 16. Nxb6 Nxb6 17. Qxb6 Rb8 18. Qd6 Qb7 19. Qd4 e5 20. Qxe5 Bg4 21. Nd6 Qb4 22. f3 Be6 23. Bd3 Qa4 24. Kb1 Nb4 25. a3 Nc6 26. Qe4 g6 27. c5 Qxa3 28. Bb5 Qa2+ 29. Kc1 Na5 30. Qa4 Rxb5 31. Qxa2 Bxa2 32. Nxb5 Nb3+ 33. Kc2 Nxc5 34. Rd4 Bb3+ 35. Kc3 Rc8 36. Kb4 Be6 37. Nd6 Rc6 38. Kb5 Bd7 39. Kc4 1-0


[Site "https://www.chess.com"]

[Event "Titled Tuesday Blitz July 18 Early 2023"]
[White "Goryachkina, Aleksandra"]
[Black "Shimanov, Aleksandr"]
[WhiteFideId "4147103"]
[BlackFideId "4198603"]
[WhiteElo "2650"]
[BlackElo "2982"]
[Result "0-1"]
[Round "8"]
[TimeControl "180+2"]
[Date "2023.07.18"]
[WhiteClock "0:00:00"]
[BlackClock "0:00:07"]
[Board "37"]

1. d4 Nf6 2. Nc3 d5 3. Bf4 a6 4. e3 b5 5. Bd3 Bb7 6. Nf3 e6 7. Ne2 c5 8. c3 Nbd7 9. h3 Be7 10. O-O O-O 11. Ne5 b4 12. Nxd7 Nxd7 13. dxc5 Nxc5 14. cxb4 Nxd3 15. Qxd3 Bxb4 16. Qb3 Qe7 17. Rfc1 Rfc8 18. a3 Bc5 19. Be5 a5 20. Ng3 Ba6 21. Qd1 f6 22. Bd4 Bd6 23. Qd2 a4 24. Rxc8+ Rxc8 25. Rc1 Bc4 26. Bc3 Qf7 27. Qd1 Bb3 28. Qg4 Rc4 29. Qe2 Qc7 30. Nh5 Bh2+ 31. Kh1 Be5 32. f4 Bxc3 33. Rxc3 Rxc3 34. bxc3 Qxc3 35. Qg4 f5 36. Qg5 Kf7 37. Qd8 Qc6 38. Qh8 Qc3 39. Qxh7 Bd1 40. Qh8 Qb2 41. Kh2 Bf3 42. Kg3 Qxg2+ 43. Kh4 Qf2+ 44. Ng3 Qxe3 45. Qxg7+ Kxg7 0-1


[Site "https://www.chess.com"]

[Event "Titled Tuesday Blitz July 18 Early 2023"]
[White "Ozen, Bahadir"]
[Black "Kuzhilniy, Oleksandr"]
[WhiteFideId "6337058"]
[BlackFideId "34110500"]
[WhiteElo "2835"]
[BlackElo "2634"]
[Result "1/2-1/2"]
[Round "8"]
[TimeControl "180+2"]
[Date "2023.07.18"]
[WhiteClock "0:00:08"]
[BlackClock "0:00:06"]
[Board "38"]

1. g3 e5 2. Bg2 Nc6 3. d3 f5 4. a3 Nf6 5. b4 d5 6. Nd2 Bd6 7. c4 dxc4 8. Nxc4 O-O 9. Bb2 e4 10. Nh3 Qe7 11. O-O Kh8 12. Rc1 Ne5 13. Nxd6 cxd6 14. Qd2 Be6 15. Rc2 Bd5 16. Nf4 Bc6 17. Rfc1 exd3 18. Nxd3 Bxg2 19. Kxg2 Ne4 20. Qe3 Ng4 21. Qd4 Nef6 22. Rc7 Qxe2 23. Nf4 Qe4+ 24. f3 Qxd4 25. Bxd4 Ne5 26. Ne6 Rg8 27. Rxb7 Rae8 28. Nf4 g5 29. Nd3 Rg7 30. Rxg7 Kxg7 31. Rc7+ Kg6 32. Nf2 a6 33. h3 Nd5 34. Ra7 Nc6 35. Rxa6 Ndxb4 36. axb4 Nxd4 37. Rxd6+ Ne6 38. Nd3 Kf7 39. Rd7+ Re7 40. Ne5+ Kf6 41. Rxe7 Kxe7 42. Nc4 Kd7 43. b5 Nd4 44. b6 Kc6 45. Kf2 g4 46. hxg4 fxg4 47. Ne5+ Kxb6 48. Nxg4 Nf5 49. Nf6 h6 50. g4 Ne7 51. Ke3 Kc5 52. Ke4 Kd6 53. f4 Ke6 54. Nh5 Kf7 55. f5 Ng8 56. Ke5 Ne7 57. Nf4 Nc6+ 58. Kd5 Nb4+ 59. Ke5 Nc6+ 60. Ke4 Kf6 61. Kf3 Ne5+ 62. Kg3 Kg5 63. Ne6+ Kf6 64. Kh4 Nf3+ 65. Kh5 Ne5 66. Nf4 Kg7 67. Nd5 Nd7 68. Nc3 Nf6+ 69. Kh4 Kf7 70. Ne2 Ke7 71. Ng3 Kf7 72. Nh5 Ne4 73. Kh3 Nf2+ 74. Kg3 Ne4+ 75. Kf4 Ng5 76. Ng3 Nh3+ 77. Ke4 Ng5+ 78. Ke5 Nh7 79. Ne4 Nf8 80. Kf4 Nd7 81. Kg3 Ne5 82. Kh4 Kg7 83. Kh5 Kh7 84. Nf6+ Kg7 85. Ne8+ Kf7 86. Nc7 Kg7 87. Ne6+ Kh7 88. f6 Nf7 89. Nf8+ Kg8 90. Nd7 Kh7 91. Nf8+ Kg8 92. Ne6 Kh7 93. Nc5 Ne5 94. Ne4 Nf7 95. Ng3 Ne5 96. Nf5 Nf7 97. Nxh6 Nxh6 98. g5 Nf5 99. g6+ Kg8 100. Kg5 Ng7 101. fxg7 Kxg7 102. Kf5 Kg8 103. Kf6 Kf8 104. Kg5 Kg7 105. Kh5 Kg8 106. Kh6 Kh8 107. g7+ Kg8 108. Kg6 1/2-1/2


[Site "https://www.chess.com"]

[Event "Titled Tuesday Blitz July 18 Early 2023"]
[White "Belov, Alexei"]
[Black "Gorovets, Andrey"]
[WhiteFideId "4128206"]
[BlackFideId "13504037"]
[WhiteElo "2630"]
[BlackElo "2835"]
[Result "0-1"]
[Round "8"]
[TimeControl "180+2"]
[Date "2023.07.18"]
[WhiteClock "0:01:12"]
[BlackClock "0:02:07"]
[Board "39"]

1. e4 c5 2. Nf3 Nc6 3. d4 cxd4 4. Nxd4 Nf6 5. Nc3 e5 6. Ndb5 d6 7. Bg5 a6 8. Na3 Be6 9. Nc4 Rb8 10. Ne3 Be7 11. Bxf6 Bxf6 12. Ncd5 Bg5 13. c3 g6 14. Bc4 O-O 15. O-O Kh8 16. Qd3 f5 17. exf5 gxf5 18. Nb6 e4 19. Qe2 Bxe3 20. fxe3 d5 21. Bxd5 Bxd5 22. Rad1 Qxb6 23. Rxd5 f4 0-1


[Site "https://www.chess.com"]

[Event "Titled Tuesday Blitz July 18 Early 2023"]
[White "Vitiugov, Nikita"]
[Black "Tregubov, Pavel V."]
[WhiteFideId "4152956"]
[BlackFideId "4115341"]
[WhiteElo "2833"]
[BlackElo "2627"]
[Result "1-0"]
[Round "8"]
[TimeControl "180+2"]
[Date "2023.07.18"]
[WhiteClock "0:00:39"]
[BlackClock "0:00:00"]
[Board "40"]

1. Nf3 Nf6 2. g3 c5 3. Bg2 Nc6 4. O-O e5 5. d3 d5 6. Nbd2 Be7 7. e4 O-O 8. c3 d4 9. Nc4 Qc7 10. a4 Be6 11. cxd4 cxd4 12. b3 Nd7 13. Nh4 Bxh4 14. gxh4 Bxc4 15. bxc4 Nc5 16. h5 Ne6 17. Kh1 h6 18. Bh3 Nf4 19. Bf5 Ne7 20. Bxf4 exf4 21. Qg4 Qe5 22. Rab1 Nxf5 23. Rb5 Qc7 24. Rxf5 f6 25. Rg1 Kh8 26. Rxf4 Rfe8 27. Qg6 Re6 28. Rfg4 Rg8 29. Qf5 Re5 30. Qf4 Qf7 31. Qf3 Rxh5 32. Rg6 Re5 33. Qh3 Kh7 34. f4 Ra5 35. f5 Rxa4 36. e5 fxe5 37. f6 Qxg6 38. Rxg6 Kxg6 39. Qe6 Rf8 40. f7+ Kh7 41. Qe8 Rxf7 42. Qxf7 Ra6 43. Qxb7 Ra1+ 44. Kg2 Re1 45. c5 e4 46. dxe4 d3 47. Qd5 1-0


[Site "https://www.chess.com"]

[Event "Titled Tuesday Blitz July 18 Early 2023"]
[White "Ahmad, Khagan"]
[Black "Morefield, Jason"]
[WhiteFideId "13431552"]
[BlackFideId "30920825"]
[WhiteElo "2617"]
[BlackElo "2759"]
[Result "0-1"]
[Round "8"]
[TimeControl "180+2"]
[Date "2023.07.18"]
[WhiteClock "0:00:00"]
[BlackClock "0:00:05"]
[Board "41"]

1. Nf3 d5 2. d4 Nf6 3. g3 b5 4. Bg2 e6 5. O-O Nbd7 6. b3 c5 7. c4 bxc4 8. bxc4 Bb7 9. Nc3 dxc4 10. Qa4 Be7 11. Rb1 Rb8 12. dxc5 Bxc5 13. Bf4 O-O 14. Bxb8 Qxb8 15. Qxc4 Rc8 16. Qd3 Bb6 17. Nd2 Ne5 18. Qc2 Bxg2 19. Kxg2 Qa8+ 20. Kg1 Bd4 21. Rb3 h5 22. e3 Bb6 23. e4 h4 24. Qd1 h3 25. Nf3 Neg4 26. Qe2 Rxc3 27. Rxc3 Nxe4 28. Rc8+ Qxc8 29. Qxe4 e5 30. Ng5 g6 31. Nxh3 Qe6 32. Ng5 Qd7 33. Qa8+ Kg7 34. Qf3 f6 35. Ne4 f5 36. Ng5 e4 37. Qf4 e3 38. Kg2 exf2 39. h3 Ne3+ 40. Kxf2 Nd5+ 41. Kf3 Nxf4 42. gxf4 Qd3+ 43. Kg2 Qe2+ 0-1


[Site "https://www.chess.com"]

[Event "Titled Tuesday Blitz July 18 Early 2023"]
[White "Vaibhav Jayant Raut"]
[Black "Weetik, Vjacheslav"]
[WhiteFideId "5089034"]
[BlackFideId "4153472"]
[WhiteElo "2612"]
[BlackElo "2753"]
[Result "0-1"]
[Round "8"]
[TimeControl "180+2"]
[Date "2023.07.18"]
[WhiteClock "0:00:01"]
[BlackClock "0:00:52"]
[Board "42"]

1. e4 c6 2. Nc3 d5 3. Nf3 dxe4 4. Nxe4 Nf6 5. Qe2 Na6 6. d4 Nxe4 7. Qxe4 Qd5 8. Qxd5 cxd5 9. Bb5+ Bd7 10. Bxd7+ Kxd7 11. Ne5+ Ke8 12. c3 e6 13. O-O f6 14. Nd3 Kd7 15. Bd2 Bd6 16. Rfe1 Rhe8 17. f4 Nc7 18. Re2 b6 19. Rae1 Re7 20. b3 b5 21. a4 bxa4 22. c4 Ree8 23. c5 Bf8 24. bxa4 Rab8 25. Ba5 Na6 26. f5 e5 27. dxe5 Bxc5+ 28. Nxc5+ Nxc5 29. e6+ Kd6 30. Rc1 g6 31. Be1 Ne4 32. fxg6 hxg6 33. Rd1 Rxe6 34. Rxe4 Rxe4 35. Bg3+ Re5 0-1


[Site "https://www.chess.com"]

[Event "Titled Tuesday Blitz July 18 Early 2023"]
[White "Xu, Yi"]
[Black "Petrosian, Karlen"]
[WhiteFideId "8605564"]
[BlackFideId "4176146"]
[WhiteElo "2739"]
[BlackElo "2612"]
[Result "1/2-1/2"]
[Round "8"]
[TimeControl "180+2"]
[Date "2023.07.18"]
[WhiteClock "0:00:34"]
[BlackClock "0:00:42"]
[Board "43"]

1. e4 e6 2. d4 d5 3. e5 c5 4. c3 Qb6 5. Nf3 Nc6 6. a3 Bd7 7. b4 cxd4 8. cxd4 Rc8 9. Be2 a5 10. b5 Nxd4 11. Nxd4 Rxc1 12. Qxc1 Qxd4 13. Qc3 Bc5 14. O-O Ne7 15. Ra2 Qxc3 16. Nxc3 Bd4 17. Na4 Bxe5 18. Rc1 Nf5 19. Nc5 b6 20. Na4 Bd4 21. Rc7 Ke7 22. g4 Nd6 23. Rd2 e5 24. Rxd4 exd4 25. Nxb6 Rd8 26. Nxd5+ Ke6 27. Nf4+ Kf6 28. b6 g5 29. Nd5+ Ke5 30. Ne7 Ke6 31. Nc6 Bxc6 32. Rxc6 Rb8 33. Bf3 Ke5 34. Kf1 d3 35. Ke1 Ne4 36. Bxe4 Kxe4 37. Kd2 Kf3 38. Kxd3 Kxg4 39. Kc4 f5 40. Kb5 f4 41. Kxa5 Kf3 42. Ka6 Ra8+ 43. Kb5 Rxa3 44. b7 Rb3+ 45. Ka6 Rxb7 46. Kxb7 Kxf2 47. Rh6 g4 48. Rxh7 g3 49. hxg3 fxg3 50. Rg7 g2 51. Rxg2+ Kxg2 1/2-1/2


[Site "https://www.chess.com"]

[Event "Titled Tuesday Blitz July 18 Early 2023"]
[White "Preotu, Razvan"]
[Black "Arat, Ufuk Sezen"]
[WhiteFideId "2613280"]
[BlackFideId "6309089"]
[WhiteElo "2733"]
[BlackElo "2606"]
[Result "0-1"]
[Round "8"]
[TimeControl "180+2"]
[Date "2023.07.18"]
[WhiteClock "0:00:03"]
[BlackClock "0:00:07"]
[Board "44"]

1. e4 c5 2. Nf3 e6 3. c3 d5 4. exd5 Qxd5 5. d4 Nf6 6. Na3 Nc6 7. Be3 cxd4 8. Nb5 Qd8 9. Nbxd4 Bd7 10. Nxc6 Bxc6 11. Ne5 Bd6 12. Nxc6 bxc6 13. Qa4 Qc7 14. g3 O-O 15. Bg2 Nd5 16. Bd2 f5 17. O-O f4 18. c4 Nb6 19. Qc2 Nd7 20. b4 Rae8 21. c5 Be5 22. Rae1 Nf6 23. Rxe5 Qxe5 24. Bxf4 Qd4 25. Bxc6 Rc8 26. Bb7 Nd5 27. Bxc8 Nxf4 28. gxf4 Rxc8 29. Qb3 Rc6 30. b5 Rxc5 31. Qxe6+ Kf8 32. Re1 Qd8 33. a4 Rc2 34. Kg2 Rc5 35. Re5 Qa8+ 36. Kg3 Rc3+ 37. Re3 Rxe3+ 38. Qxe3 Qb7 39. Qc5+ Kf7 40. Qc6 Qe7 41. a5 Qa3+ 42. f3 Qxa5 43. Qd7+ Kf6 44. h4 Qb6 45. Qc6+ Qxc6 46. bxc6 Ke6 47. h5 a5 48. h6 g6 49. f5+ gxf5 50. Kf4 a4 51. c7 Kd7 52. Kxf5 a3 53. Kf6 a2 54. Kg7 a1=Q+ 55. Kxh7 Qf6 0-1


[Site "https://www.chess.com"]

[Event "Titled Tuesday Blitz July 18 Early 2023"]
[White "Ashraf, Artin"]
[Black "Skliarov, Viktor"]
[WhiteFideId "22514805"]
[BlackFideId "14106736"]
[WhiteElo "2731"]
[BlackElo "2604"]
[Result "1-0"]
[Round "8"]
[TimeControl "180+2"]
[Date "2023.07.18"]
[WhiteClock "0:01:33"]
[BlackClock "0:00:08"]
[Board "45"]

1. Nf3 g6 2. h4 h5 3. e4 c5 4. d4 cxd4 5. Nxd4 Nc6 6. Nc3 Bg7 7. Be3 Nf6 8. f3 d6 9. Bc4 Bd7 10. Qd2 Rc8 11. Bb3 Na5 12. O-O-O Nc4 13. Bxc4 Rxc4 14. Nd5 Nxd5 15. exd5 Qc8 16. Rde1 Be5 17. Kb1 Bf5 18. Rc1 a6 19. Rhe1 O-O 20. Rh1 Qd7 21. g4 hxg4 22. h5 Rfc8 23. fxg4 Be4 24. hxg6 Bxg6 25. Nf5 Rxg4 26. Nh6+ Kf8 27. Nxg4 Qxg4 28. Rhd1 Qe4 29. Bd4 Bxd4 30. Qxd4 Rxc2 31. Qh8# 1-0


[Site "https://www.chess.com"]

[Event "Titled Tuesday Blitz July 18 Early 2023"]
[White "Kashlinskaya, Alina"]
[Black "Panesar Vedant"]
[WhiteFideId "4198026"]
[BlackFideId "35033018"]
[WhiteElo "2595"]
[BlackElo "2724"]
[Result "1-0"]
[Round "8"]
[TimeControl "180+2"]
[Date "2023.07.18"]
[WhiteClock "0:00:13"]
[BlackClock "0:00:03"]
[Board "46"]

1. e4 e5 2. Nf3 Nc6 3. Nc3 Nf6 4. Bb5 Nd4 5. Bc4 Bc5 6. d3 d6 7. Nxd4 Bxd4 8. Ne2 Bb6 9. O-O c6 10. a4 O-O 11. Ng3 d5 12. Bb3 Bg4 13. Qe1 Re8 14. Kh1 dxe4 15. dxe4 Be6 16. Bxe6 Rxe6 17. a5 Bc5 18. b4 Bf8 19. f3 Ne8 20. Be3 Nc7 21. c3 Nb5 22. Nf5 g6 23. Nh6+ Bxh6 24. Bxh6 g5 25. Rd1 Qe7 26. c4 Nd4 27. Bxg5 Qxg5 28. f4 Qg7 29. fxe5 c5 30. bxc5 Nc6 31. Rd7 Re7 32. Qd2 Rae8 33. a6 bxa6 34. Qd6 Qg6 35. Rxe7 Rxe7 36. h3 Rxe5 37. Rf6 Qxe4 38. Qxc6 Qxc4 39. Qc8+ Kg7 40. Rf3 Qxc5 41. Qd7 Re1+ 42. Kh2 Qe5+ 43. Rg3+ Kf6 44. Qxa7 Rf1 45. Qxa6+ Ke7 46. Qxf1 h5 47. h4 Qe4 48. Qf3 Qxh4+ 49. Kg1 Qb4 50. Qe3+ Kf6 51. Rf3+ Kg6 52. Qd3+ Kg7 53. Qc3+ 1-0


[Site "https://www.chess.com"]

[Event "Titled Tuesday Blitz July 18 Early 2023"]
[White "Stoyanov, Tsvetan"]
[Black "NovoselovRoman"]
[WhiteFideId "2917173"]
[WhiteElo "2724"]
[BlackElo "2577"]
[Result "0-1"]
[Round "8"]
[TimeControl "180+2"]
[Date "2023.07.18"]
[WhiteClock "0:00:00"]
[BlackClock "0:00:05"]
[Board "47"]

1. e4 d5 2. exd5 Qxd5 3. Nc3 Qd6 4. d4 Nf6 5. Nf3 c6 6. Bc4 Bg4 7. h3 Bxf3 8. Qxf3 Qxd4 9. Bb3 Nbd7 10. O-O e6 11. Be3 Qh4 12. Rad1 Bc5 13. Bf4 Nb6 14. Rfe1 O-O 15. Re5 Nbd5 16. Bg3 Qh6 17. Nxd5 cxd5 18. Bf4 Qg6 19. Rg5 Qe4 20. Qg3 Kh8 21. Be5 Rg8 22. Rd3 Qe1+ 23. Kh2 Bxf2 24. Qxf2 Qxf2 25. Rf3 Qd2 26. Rgg3 Nh5 27. Rg4 f6 28. Bc3 Qh6 29. Rd3 Rge8 30. Ba4 Re7 31. Bb4 Rf7 32. Bd6 Rd8 0-1


[Site "https://www.chess.com"]

[Event "Titled Tuesday Blitz July 18 Early 2023"]
[White "musclemonster12"]
[Black "Dimitrov, Atanas"]
[BlackFideId "2901315"]
[WhiteElo "2575"]
[BlackElo "2689"]
[Result "1/2-1/2"]
[Round "8"]
[TimeControl "180+2"]
[Date "2023.07.18"]
[WhiteClock "0:02:02"]
[BlackClock "0:01:07"]
[Board "48"]

1. c4 e5 2. Nc3 g6 3. g3 Bg7 4. Bg2 Ne7 5. e3 O-O 6. Nge2 Nbc6 7. O-O d6 8. d4 exd4 9. exd4 Nf5 10. d5 Ncd4 11. Nf4 Re8 12. Bd2 Bd7 13. Rc1 b5 14. cxb5 Nxb5 15. Re1 Rxe1+ 16. Qxe1 Nbd4 17. Ne4 Bb5 18. g4 Nh4 19. Qe3 Qg5 1/2-1/2


[Site "https://www.chess.com"]